 Dungeon Sprint DCSS version 0.28.0-53-g5a82cb258f (webtiles) character file.

Game seed: 9532326806444341003

850 Zeld the Covert (level 7, -6/39 HPs)
             Began as a Spriggan Brigand on June 14, 2022.
             Was a Follower of Nemelex Xobeh.
             Mangled by a boulder beetle (26 damage)
             ... in the Dungeon (Sprint IX: "|||||||||||||||||||||||||||||").
             The game lasted 00:02:52 (1811 turns).

Zeld the Covert (Spriggan Brigand)                  Turns: 1811, Time: 00:02:53

Health: -6/39      AC:  3    Str:  7    XL:     7   Next: 69%
Magic:  8/8        EV: 23    Int: 12    God:    Nemelex Xobeh [*.....]
Gold:   0          SH:  0    Dex: 19    Spells: 6/6 levels left

rFire   . . .      SeeInvis +   m - +2 rapier (venom)
rCold   . . .      Faith    .   (no shield)
rNeg    . . .      Spirit   .   b - +0 robe
rPois   .          Reflect  .   (helmet restricted)
rElec   .          Harm     .   n - +0 cloak
rCorr   .          Rampage  .   (gloves unavailable)
Will    +....      NoTele   +   (boots unavailable)
Stlth   +++++.....              (no amulet)
HPRegen 0.13/turn               (no ring)
MPRegen 0.11/turn               (no ring)

@: very quick
A: very small, no large weapons, unfitting armour, see invisible, speed 3
a: Renounce Religion, Draw Escape, Draw Destruction, Draw Summoning


You were in the Dungeon.
You worshipped Nemelex Xobeh.
Nemelex Xobeh was aware of your devotion.
You visited 1 branch

Inventory:

Hand Weapons
 m - a +2 rapier of venom (weapon)
Missiles
 d - 8 poisoned darts (quivered)
 e - 2 curare-tipped darts
Armour
 b - a +0 robe (worn)
 c - a +0 cloak
 n - a +0 cloak (worn)
Jewellery
 o - a +3 ring of intelligence
 p - a +3 ring of intelligence
Wands
 l - a wand of acid (2)
Scrolls
 a - 2 scrolls of amnesia
 k - 2 scrolls of blinking
Potions
 f - 5 potions of curing
 g - 3 potions of heal wounds
 h - a potion of haste
 i - 4 potions of magic
 j - a potion of invisibility


   Skills:
 + Level 5.6 Fighting
 * Level 10.1 Short Blades
 * Level 9.4 Throwing
 + Level 8.4 Dodging
 + Level 11.5 Stealth


You had 6 spell levels left.
You didn't know any spells.
Your spell library was empty.

Dungeon Overview and Level Annotations

Branches:
Dungeon (1/1)

Altars:
Cheibriados
Dithmenos
Elyvilon
Fedhas
Gozag
Hepliaklqana
Kikubaaqudgha
Makhleb
Nemelex Xobeh
Okawaru
Qazlal
Ru
Sif Muna
Trog
Uskayaw
Vehumet
Wu Jian
Xom
Yredelemnul
Zin
The Shining One
Beogh
Jiyva
Lugonu


Innate Abilities, Weirdness & Mutations

You are very small and have problems with some larger weapons.
You are too small for most types of armour.
You have supernaturally acute eyesight. (SInv)
You cover ground extremely quickly. (Speed+++)


Message History

The deep elf pyromancer shouts!
The boulder beetle bites you.
There is an open door here.
You hit the boulder beetle but do no damage.
The boulder beetle is poisoned.
The boulder beetle bites you.
The deep elf pyromancer gestures wildly while chanting.
The deep elf pyromancer blinks!
You hit the deep elf pyromancer.
The deep elf pyromancer is poisoned.
The deep elf pyromancer is lightly wounded.
Unknown command.
You hit the deep elf pyromancer but do no damage.
The deep elf pyromancer looks as sick as possible!
The deep elf pyromancer is lightly wounded.
The boulder beetle completely misses you.
The deep elf pyromancer closely misses you.
Unknown command.
You puncture the deep elf pyromancer!
The deep elf pyromancer looks as sick as possible!
The deep elf pyromancer is heavily wounded.
The deep elf pyromancer hits you with a +0 dagger.
The boulder beetle barely misses you.
The orc wizard mumbles some strange words.
The orc wizard flickers and vanishes for a moment.
You hit the deep elf pyromancer.
The deep elf pyromancer looks as sick as possible!
The deep elf pyromancer is heavily wounded.
Unknown command.
You hit the deep elf pyromancer.
The deep elf pyromancer looks as sick as possible!
The deep elf pyromancer is heavily wounded.
The deep elf pyromancer hits you with a +0 dagger.
The boulder beetle barely misses you.
Unknown command.
You hit the deep elf pyromancer.
The deep elf pyromancer is severely wounded.
The deep elf pyromancer hits you with a +0 dagger.
The boulder beetle bites you!!
Ouch! That really hurt!
You die...
Your body disappears without a glow.

▓.▓
▓'▓
▓.▓
▓.▓
▓.▓
▓.▓
▓.▓
▓e▓
▓@▓
▓B▓
▓Q▓
▓c▓
▓H▓
▓o▓
▓.▓
▓+▓


You could see a boulder beetle (very poisoned), a tengu warrior, a centaur
warrior, a manticore, a deep elf pyromancer (extremely poisoned) and an orc
wizard (invisible).

Vanquished Creatures
  2 trolls (D)
  A yak (D)
  A centaur (D)
  An ogre (D)
  A killer bee (D)
  A hound (D)
  A gnoll shaman (D)
  A gnoll (D)
  An orc (D)
  A bat (D)
  2 hobgoblins (D)
  A quokka (D)
  A ball python zombie (D)
  A goblin (D)
16 creatures vanquished.

Notes
Turn   | Place    | Note
-------+----------+-------------------------------------------
     0 | D        | Zeld the Spriggan Brigand began the quest for the Orb.
     0 | D        | Reached XP level 1. HP: 10/10 MP: 2/2
    11 | D        | Reached skill level 6 in Stealth
   365 | D        | Noticed an ogre
   365 | D        | Noticed a hound
   365 | D        | Noticed a gnoll shaman
   368 | D        | Reached XP level 2. HP: 8/15 MP: 3/3
   373 | D        | Killed an ogre
   374 | D        | Reached skill level 5 in Short Blades
   374 | D        | Reached skill level 5 in Throwing
   374 | D        | Reached skill level 7 in Stealth
   374 | D        | Reached XP level 3. HP: 11/20 MP: 4/4
   374 | D        | Reached XP level 4. HP: 13/24 MP: 5/5
   518 | D        | Reached skill level 8 in Stealth
   537 | D        | Reached skill level 5 in Dodging
   537 | D        | Reached XP level 5. HP: 18/28 MP: 6/6
   645 | D        | Found a snail-covered altar of Cheibriados.
   645 | D        | Found a shadowy altar of Dithmenos.
   645 | D        | Found a white marble altar of Elyvilon.
   645 | D        | Found a blossoming altar of Fedhas.
   645 | D        | Found an opulent altar of Gozag.
   646 | D        | Found a hazy altar of Hepliaklqana.
   647 | D        | Found a viscous altar of Jiyva.
   648 | D        | Found an ancient bone altar of Kikubaaqudgha.
   649 | D        | Found a corrupted altar of Lugonu.
   650 | D        | Found a burning altar of Makhleb.
   651 | D        | Found a sparkling altar of Nemelex Xobeh.
   652 | D        | Found an iron altar of Okawaru.
   659 | D        | Found a stormy altar of Qazlal.
   660 | D        | Found a sacrificial altar of Ru.
   661 | D        | Found a shimmering blue altar of Sif Muna.
   662 | D        | Found a bloodstained altar of Trog.
   663 | D        | Found a hide-covered altar of Uskayaw.
   664 | D        | Found a radiant altar of Vehumet.
   669 | D        | Found an ornate altar of the Wu Jian Council.
   670 | D        | Found a shimmering altar of Xom.
   671 | D        | Found a basalt altar of Yredelemnul.
   681 | D        | Became a worshipper of Nemelex Xobeh the Trickster
   791 | D        | Found a glowing silver altar of Zin.
   792 | D        | Found a glowing golden altar of the Shining One.
   920 | D        | Noticed a troll
   920 | D        | Noticed a troll
   920 | D        | Noticed a centaur
   920 | D        | Noticed a yak
  1043 | D        | Killed a troll
  1044 | D        | Reached skill level 10 in Stealth
  1044 | D        | Reached XP level 6. HP: 22/34 MP: 7/7
  1132 | D        | Killed a troll
  1133 | D        | Reached skill level 5 in Fighting
  1133 | D        | Reached XP level 7. HP: 19/39 MP: 8/8
  1469 | D        | Reached skill level 11 in Stealth
  1770 | D        | Killed a yak
  1771 | D        | Reached skill level 10 in Short Blades
  1803 | D        | Reached * piety under Nemelex Xobeh
  1803 | D        | Received a gift from Nemelex Xobeh
  1803 | D        | Noticed a boulder beetle
  1803 | D        | Noticed a tengu warrior
  1803 | D        | Noticed a centaur warrior
  1803 | D        | Noticed a deep elf pyromancer
  1803 | D        | Noticed a manticore
  1811 | D        | Mangled by a boulder beetle

Illustrated notes

Levels and vault maps discovered:
D:        linesprint [early_d, line_temple, items_1, d_10, items_2, lair_1,
          lair_end, items_3, orc_1, orc_end, items_4, d_15, swamp_1, shoals_1,
          snake_1, spider_1, d_20, vaults_1, items_5, swamp_end, shoals_end,
          snake_end, spider_end, vaults_end, d_27, items_6, zot_1, zot_end,
          crypt_end, forest_end, elf_end, slime_end, tomb_end, abyss_end,
          pan_hell_end]

Skill      XL: |  1  2  3  4  5  6  7 |
---------------+----------------------+-----
Stealth        | 6 7 8 10 11 | 11.5
Dodging        | 2 4 5 6 7 8 |  8.4
Short Blades   | 3 5 6 8 9 10 | 10.1
Fighting       | 2 3 4 5 |  5.6
Throwing       | 5 7 8 9 |  9.4

Action                   |  1- 3 |  4- 6 |  7- 9 || total
-------------------------+-------+-------+-------++-------
Melee: Dagger            |    15 |    10 |       ||    25
       Punch             |     1 |       |       ||     1
       Rapier            |       |     5 |    26 ||    31
Throw: Dart              |     3 |     7 |       ||    10
Evoke: Wand              |       |     8 |       ||     8
  Use: Potion            |     1 |       |       ||     1
Armor: Robe              |     1 |     1 |     5 ||     7
Dodge: Dodged            |     8 |    10 |    18 ||    36
